 Dungeon Crawl Stone Soup version 0.28-a0-1613-gdaab1c2f9b (webtiles) character file.

Game seed: 3626177314272732983

15 lonewolfV2 the Ducker (level 2, -1/23 HPs)
             Began as a Djinni Gladiator on Jan 21, 2022.
             Slain by a kobold (3 damage)
             ... on level 1 of the Dungeon.
             The game lasted 00:00:38 (658 turns).

lonewolfV2 the Ducker (Djinni Gladiator)             Turns: 658, Time: 00:00:38

Health: -1/23      AC:  4    Str: 13    XL:     2   Next: 65%
Gold:   33         EV: 12    Int:  9    God:
                   SH:  0    Dex: 14

rFire   + + .      SeeInvis .     - Unarmed
rCold   x . .      Faith    .   (no shield)
rNeg    . . .      Spirit   .   a - +0 leather armour
rPois   ∞          Reflect  .   b - +0 helmet
rElec   .          Harm     .   (no cloak)
rCorr   .          Rampage  .   (no gloves)
Will    .....                   (boots unavailable)
Stlth   +.........              (no amulet)
HPRegen 0.07/turn               (no ring)
MPRegen 0.00/turn               (no ring)

@: flying
A: sickness immunity, fire resistance 2, cold vulnerability 1, float, innate
caster, hp casting, extra vitality 1
a: no special abilities


You were on level 1 of the Dungeon.
You visited 1 branch of the dungeon, and saw 1 of its levels.

You collected 33 gold pieces.

Inventory:

Missiles
 c - 3 throwing nets (quivered)
Armour
 a - a +0 leather armour (worn)
 b - a +0 helmet (worn)
Scrolls
 e - a scroll of vulnerability


   Skills:
 + Level 2.1 Fighting
 + Level 1.6 Throwing
 + Level 0.2 Armour
 + Level 3.7 Dodging
 + Level 3.2 Unarmed Combat


You had one spell level left.
You didn't know any spells.
Your spell library was empty.

Dungeon Overview and Level Annotations

Branches:
Dungeon (1/15)

Altars:


Innate Abilities, Weirdness & Mutations

You are immune to sickness and miasma.
You are immune to poison.
Your flesh is very heat resistant. (rF++)
You are vulnerable to cold. (rC-)
You float through the air rather than walking.
You learn spells naturally, not from books.
Your magical power is your life essence.
You have superior vitality. (+4 MHP)


Message History

The worm is heavily wounded.
The jackal bites you. The kobold hits you but does no damage.
You hit the worm.
The worm is severely wounded.
The jackal bites you but does no damage.
The kobold hits you with a +0 dagger.
The jackal bites you but does no damage.
The worm misses you.
You hit the worm but do no damage.
The worm is severely wounded.
The kobold hits you but does no damage. The jackal closely misses you.
The worm closely misses you.
You hit the worm.
The worm is severely wounded.
The jackal bites you. The kobold barely misses you. The worm barely misses you.
The jackal bites you.
You completely miss the worm.
The worm is severely wounded.
The kobold barely misses you. The worm bites you.
The jackal bites you but does no damage.
You hit the worm but do no damage.
The worm is severely wounded.
The kobold hits you but does no damage. The worm bites you.
The jackal barely misses you.
You hit the worm but do no damage.
The worm is heavily wounded.
The jackal misses you. The worm bites you.
The kobold hits you with a +0 dagger. The worm completely misses you.
You hit the worm.
The worm is almost dead.
The jackal bites you.
* * * LOW HITPOINT WARNING * * *
The kobold misses you. The jackal barely misses you.
The worm barely misses you.
You barely miss the worm.
The worm is almost dead.
The jackal bites you.
* * * LOW HITPOINT WARNING * * *
The kobold hits you with a +0 dagger.
You die...

##....^##
##.......##
##.^.......##
#.....^.....#
#...>.......#
#.........# #
#^..ww....# ##
#^h@K...# .##
##.....## ..##
#######...## ...##
#.........# .#..#
###........##
..#.####...........#
..#...#............#
..#................#
....#.##...........#


You could see 2 worms, a jackal and a kobold.

Vanquished Creatures
  A gnoll (D:1)
  An endoplasm (D:1)
  A jackal (D:1)
  2 ball pythons (D:1)
  2 kobolds (D:1)
7 creatures vanquished.

Notes
Turn   | Place    | Note
-------+----------+-------------------------------------------
     0 | D:1      | lonewolfV2 the Djinni Gladiator began the quest for the
                  | Orb.
     0 | D:1      | Reached XP level 1. HP: 18/18 MP: 0/0
   171 | D:1      | Reached XP level 2. HP: 5/23 MP: 0/0
   507 | D:1      | Found a faded altar of an unknown god.
   658 | D:1      | Slain by a kobold

Illustrated notes

Levels and vault maps discovered:
D:1:      scummos_arrival_hexagon, layout_rooms,
          hellmonk_ecumenical_altar_zigzags, minmay_misc_feat_chi,
          nicolae_wormholes

Action                   || total
-------------------------++-------
Melee: Unarmed           ||    49
       Punch             ||     1
  Use: Scroll            ||     1
Armor: Leather armour    ||    18
Dodge: Dodged            ||    49

Table legend: (Time is in decaauts)
 A = Elapsed time spent in this place.
 B = Non-inter-level travel time spent in this place.
 C = Inter-level travel time spent in this place.
 D = Time resting spent in this place.
 E = Time spent auto-exploring this place.
 F = Levels seen in this place.
 G = Mean time per level.
                   A        B        C        D        E       F      G
               +--------+--------+--------+--------+--------+-----+--------+
         Total |    655 |    655 |      0 |      0 |    554 |   1 |  655.0 |
       Dungeon |    655 |    655 |      0 |      0 |    554 |   1 |  655.0 |
               +--------+--------+--------+--------+--------+-----+--------+

Top non-repeatable levels by time:
     D:1: 655 daAuts
